 Dungeon Crawl Stone Soup version 0.30-a0-335-ge5acde7520 (webtiles) character file.

Game seed: 13774946386296829768

9944 billz999 the Brawler (level 11, 0/109 HPs)
             Began as a Troll Monk on Oct 31, 2022.
             Was a High Priest of Makhleb.
             Slain by Snorg (19 damage)
             ... on level 10 of the Dungeon.
             The game lasted 00:23:20 (8496 turns).

billz999 the Brawler (Troll Monk)                   Turns: 8496, Time: 00:23:21

Health: 0/109      AC: 13    Str: 25    XL:     11   Next: 29%
Magic:  10/10      EV: 10    Int:  6    God:    Makhleb [*****.]
Gold:   357        SH:  0    Dex: 18    Spells: 10/10 levels left

rFire   . . .      SeeInvis .      - Unarmed
rCold   . . .      Faith    +    u - orb {*Rage}
rNeg    . . .      Spirit   .    P - +0 acid dragon scales
rPois   .          Reflect  .    (helmet restricted)
rElec   .          Harm     .    v - +0 cloak
rCorr   +          Rampage  .    (gloves unavailable)
Will    .....      Rage     20%  (boots unavailable)
Stlth   ++........               D - amulet of faith
HPRegen 1.18/turn                z - +4 ring of protection
MPRegen 0.12/turn                S - +6 ring of dexterity

@: on berserk cooldown, slowed, very slow
A: large, unfitting armour, claws 3, regeneration 1, shaggy fur 1, tough skin 1
a: Renounce Religion, Minor Destruction, Lesser Servant of Makhleb, Major
Destruction, Greater Servant of Makhleb


You were on level 10 of the Dungeon.
You worshipped Makhleb.
Makhleb was extremely pleased with you.
You visited 2 branches of the dungeon, and saw 11 of its levels.
You also visited: Bailey.

You collected 933 gold pieces.
You spent 576 gold pieces at shops.

Inventory:

Hand Weapons
 a - the +8 sling "Usunek" {vorpal, Str+6 Int+4}
   (You found it on level 2 of the Dungeon)

   Any ammunition fired from it inflicts extra damage upon your enemies.
   Str:       It affects your strength (+6).
   Int:       It affects your intelligence (+4).
 y - a +0 giant spiked club
Missiles
 e - 13 boomerangs
 r - 4 datura-tipped darts
Armour
 j - a +0 robe
 u - an orb of wrath (worn)
 v - a +0 cloak (worn)
 w - a +0 buckler
 E - +0 steam dragon scales
 P - +0 acid dragon scales (worn)
Magical Staves
 F - a staff of earth
Jewellery
 z - a +4 ring of protection (left claw)
 B - an amulet of regeneration
 C - a ring of poison resistance
 D - an amulet of faith (around neck)
 K - a ring of protection from cold
 R - a +6 ring of intelligence
 S - a +6 ring of dexterity (right claw)
Wands
 f - a wand of polymorph (4)
 q - a wand of roots (23)
 G - a wand of light (2)
 I - a wand of mindburst (2)
 N - a wand of digging (9)
 O - a wand of flame (8)
Scrolls
 c - 2 scrolls of fear
 d - a scroll of brand weapon
 i - a scroll of butterflies
 k - a scroll of poison {unknown}
 o - 2 scrolls of vulnerability
 p - a scroll of magic mapping
 x - 2 scrolls of enchant weapon {unknown}
 J - a scroll of teleportation {unknown}
 L - 2 scrolls of noise {unknown}
 Q - 2 scrolls of identify
 T - a scroll of enchant armour {unknown}
Potions
 b - a potion of ambrosia
 g - 3 potions of degeneration {unknown}
 h - 3 potions of curing
 l - 2 potions of haste {unknown}
 m - 10 potions of flight
 n - a potion of lignification {unknown}
 s - a potion of resistance {unknown}
 t - 2 potions of heal wounds {unknown}
 A - 4 potions of brilliance {unknown}
 H - 2 potions of attraction {unknown}
 M - 2 potions of berserk rage {unknown}


   Skills:
 - Level 7.0 Fighting
 - Level 2.4 Dodging
 - Level 1.0 Stealth
 + Level 16.0 Unarmed Combat


You had 10 spell levels left.
You didn't know any spells.
Your spell library contained the following spells:

 Spells                   Type           Power      Damage    Failure   Level
 Apportation              Tloc           0%         N/A       52%         1
 Foxfire                  Conj/Fire      0%         2x1d4     52%         1
 Sting                    Tmut/Pois      0%         1d3       52%         1
 Poisonous Vapours        Pois/Air       0%         N/A       67%         2
 Dazzling Flash           Conj/Hex       0%         N/A       88%         3
 Gell's Gravitas          Tloc           0%         N/A       88%         3
 Hailstorm                Conj/Ice       0%         3d3       88%         3
 Portal Projectile        Hex/Tloc       0%         N/A       88%         3
 Teleport Other           Tloc           0%         N/A       88%         3
 Tukima's Dance           Hex            0%         N/A       88%         3
 Airstrike                Air            0%         2d(0-16)  99%         4
 Animate Armour           Summ/Erth      0%         N/A       99%         4
 Ice Form                 Ice/Tmut       0%         N/A       99%         4
 Olgreb's Toxic Radiance  Pois           0%         N/A       99%         4
 Summon Lightning Spire   Summ/Air       0%         N/A       99%         4
 Agony                    Necr           0%         N/A       100%        5
 Alistair's Intoxication  Tmut/Pois      0%         N/A       100%        5
 Blade Hands              Tmut           0%         N/A       100%        5
 Fireball                 Conj/Fire      0%         3d3       100%        5
 Freezing Cloud           Conj/Ice/Air   0%         6-21      100%        5
 Lightning Bolt           Conj/Air       0%         1d11      100%        5
 Silence                  Hex/Air        0%         N/A       100%        5
 Dispersal                Tloc           0%         N/A       100%        6
 Iron Shot                Conj/Erth      0%         9d1       100%        6
 Simulacrum               Ice/Necr       0%         N/A       100%        6
 Starburst                Conj/Fire      0%         6d3       100%        6
 Polar Vortex             Ice            0%         N/A       100%        9


Dungeon Overview and Level Annotations

Branches:
Dungeon (10/15)            Temple (1/1) D:7            Lair (0/5) D:10
    Orc (0/2) D:10         Bailey (visited)

Altars:
Cheibriados
Dithmenos
Elyvilon
Fedhas
Hepliaklqana
Makhleb
Qazlal
Ru
Sif Muna
Trog
Wu Jian
Xom
Yredelemnul
The Shining One

Shops:
D:1 !   D:4 :   D:8 =   D:10 (

Annotations:
D:10 Snorg


Innate Abilities, Weirdness & Mutations

You are too large for most types of armour.
You have claws for hands.
Your natural rate of healing is unusually fast.
You are covered in fur. (AC +1)
You have tough skin. (AC +1)


Message History

Snorg bites you. Snorg claws you but does no damage. x2
Aiming: Bolt of Light
Press: ? - help, Shift-Dir - straight line, f/p - Snorg
Aim: Snorg (lightly wounded, 71% to hit)
The bolt of light hits Snorg!
Snorg is moderately wounded.
Snorg is blinded.
Snorg bites you! Snorg misses you. Snorg claws you but does no damage.
You strike the helpless Snorg from behind!
You eviscerate Snorg!!!
Snorg is severely wounded.
Snorg goes berserk!
You closely miss Snorg.
Snorg is heavily wounded.
Snorg barely misses you. Snorg claws you. Snorg claws you!!
Snorg bites you but does no damage. Snorg closely misses you.
Snorg barely misses you.
You claw Snorg!
Snorg is severely wounded.
Snorg closely misses you. x2; Snorg barely misses you.
Snorg bites you but does no damage. Snorg claws you! x2
You completely miss Snorg.
Snorg is severely wounded.
Snorg bites you. Snorg claws you but does no damage. x2
You catch the helpless Snorg completely off-guard!
You scratch Snorg.
Snorg is severely wounded.
Snorg completely misses you. Snorg barely misses you. Snorg claws you.
Snorg bites you. Snorg claws you but does no damage. Snorg claws you!
You completely miss Snorg.
Snorg is severely wounded.
Snorg completely misses you. Snorg claws you but does no damage.
Snorg misses you.
You scratch Snorg.
Snorg is severely wounded.
Snorg is no longer blind.
Snorg closely misses you. Snorg claws you. Snorg claws you!
* * * LOW HITPOINT WARNING * * *
Snorg bites you!!
You die...

#..# #..# #..######..#
.########.∩..).....#######
..........................
....T......######.........
###..####..# #...###### #.
#..# ##...## #T.#
##.....## #@.# #.......###
.............#.......#..
..................).....
..########.............#
#.......>.....#
#..#.........##
#..#.........# ##.......##
#.......#


You could see Snorg (berserk).

Vanquished Creatures
  2 two-headed ogres
  Maurice (D:8)
  A troll (D:9)
  Grinder (D:5)
  A hornet (D:8)
  3 slime creatures (D:10)
  Sigmund (D:6)
  3 shadows
  8 yaks
  2 wyverns
  3 steam dragons
  2 two-headed ogre zombies (D:10)
  3 wargs (D:10)
  Duvessa (D:4)
  An acid dragon (D:9)
  A water moccasin (D:8)
  11 orc warriors
  2 ice beasts
  A black bear (D:4)
  2 ogres
  2 centaurs
  4 bullfrogs
  4 scorpions
  2 necrophages (D:5)
  8 wights
  Dowan (D:4)
  A howler monkey (D:9)
  6 electric eels (D:5)
  A hound (D:6)
  A jelly (D:7)
  6 orc priests
  Ijyb (D:4)
  4 iguanas
  7 orc wizards
  Natasha (thrice) (D:4)
  6 ogre zombies (D:10)
  3 gnolls
  An adder (D:3)
  2 white imps
  2 ufetubi (D:6)
  3 dart slugs
  32 orcs
  5 endoplasms
  4 giant cockroaches
  13 goblins
  9 hobgoblins
  16 kobolds
  7 quokkas
  4 ball pythons
  6 bats
  2 frilled lizards
  2 goblin zombies (D:10)
  A hobgoblin skeleton (D:10)
  3 hobgoblin zombies (D:10)
  2 orc skeletons (D:10)
  12 orc zombies (D:10)
  4 rats
240 creatures vanquished.

Vanquished Creatures (others)
  4 plants (D:5)
4 creatures vanquished.

Grand Total: 244 creatures vanquished

Notes
Turn   | Place    | Note
-------+----------+-------------------------------------------
     0 | D:1      | billz999 the Troll Monk began the quest for the Orb.
     0 | D:1      | Reached XP level 1. HP: 22/22 MP: 0/0
    22 | D:1      | Found a faded altar of an unknown god.
    38 | D:1      | Found Huavuwok's Distillery.
   189 | D:1      | Reached XP level 2. HP: 29/29 MP: 1/1
   646 | D:2      | Reached skill level 4 in Unarmed Combat
   707 | D:2      | Identified the +8 sling "Usunek" {vorpal, Str+6 Int+4}
   946 | D:2      | Reached XP level 3. HP: 36/36 MP: 2/2
   968 | D:2      | Found a glowing golden altar of the Shining One.
  1556 | D:3      | Reached XP level 4. HP: 44/44 MP: 3/3
  1591 | D:3      | Reached skill level 5 in Unarmed Combat
  1730 | D:4      | Noticed Natasha
  1733 | D:4      | Killed Natasha
  1914 | D:4      | Noticed Natasha
  1915 | D:4      | Found Fupset's Vocational Training.
  1924 | D:4      | Killed Natasha
  1960 | D:4      | Noticed Dowan
  1962 | D:4      | Noticed Duvessa
  1992 | D:4      | Killed Duvessa
  1993 | D:4      | Reached skill level 6 in Unarmed Combat
  1993 | D:4      | Reached XP level 5. HP: 20/50 MP: 4/4
  1993 | D:4      | Killed Dowan
  1994 | D:4      | Reached XP level 6. HP: 25/59 MP: 5/5
  2040 | D:4      | Noticed Natasha
  2044 | D:4      | Killed Natasha
  2093 | D:4      | Noticed Ijyb
  2109 | D:4      | Killed Ijyb
  2110 | D:4      | Reached skill level 7 in Unarmed Combat
  2443 | D:4      | Found a shadowy altar of Dithmenos.
  2716 | D:5      | Entered Level 5 of the Dungeon
  2725 | D:5      | Noticed Grinder
  2752 | D:4      | Reached skill level 8 in Unarmed Combat
  2752 | D:4      | Reached XP level 7. HP: 66/66 MP: 6/6
  2899 | D:5      | Reached skill level 9 in Unarmed Combat
  2938 | D:5      | Paralysed by Grinder for 5 turns
  3058 | D:6      | Noticed a yak
  3094 | D:6      | Noticed Sigmund
  3098 | D:6      | Found a shimmering altar of Xom.
  3103 | D:6      | Killed Sigmund
  3104 | D:6      | Reached skill level 10 in Unarmed Combat
  3104 | D:6      | Reached XP level 8. HP: 57/74 MP: 7/7
  3200 | D:6      | Reached skill level 11 in Unarmed Combat
  3432 | D:6      | Found a shimmering blue altar of Sif Muna.
  3439 | D:6      | Found a snail-covered altar of Cheibriados.
  3442 | D:6      | Found a bloodstained altar of Trog.
  3506 | D:5      | Killed Grinder
  3949 | D:5      | Reached skill level 12 in Unarmed Combat
  4091 | D:5      | Reached XP level 9. HP: 60/80 MP: 8/8
  4594 | D:6      | Reached skill level 13 in Unarmed Combat
  4972 | D:7      | Found a hazy altar of Hepliaklqana.
  5037 | D:7      | Reached skill level 5 in Fighting
  5099 | D:7      | Found a staircase to the Ecumenical Temple.
  5114 | Temple   | Entered the Ecumenical Temple
  5121 | Temple   | Became a worshipper of Makhleb the Destroyer
  5121 | Temple   | Reached * piety under Makhleb
  5121 | Temple   | Reached ** piety under Makhleb
  5481 | D:8      | Found Laom's Jewellery Emporium.
  5541 | D:8      | Noticed a two-headed ogre
  5549 | D:8      | Killed a two-headed ogre
  5550 | D:8      | Reached XP level 10. HP: 100/100 MP: 9/9
  5550 | D:8      | Noticed Maurice
  5587 | D:8      | Killed Maurice
  5776 | D:8      | Found a stormy altar of Qazlal.
  6134 | D:9      | Found a blossoming altar of Fedhas.
  6157 | D:9      | Found a flagged portal.
  6173 | Bailey   | Entered a bailey
  6263 | Bailey   | Reached *** piety under Makhleb
  6458 | Bailey   | Reached skill level 14 in Unarmed Combat
  7100 | D:9      | Reached **** piety under Makhleb
  7569 | D:10     | Entered Level 10 of the Dungeon
  7741 | D:10     | Found a staircase to the Orcish Mines.
  7786 | D:10     | Noticed a two-headed ogre
  7791 | D:10     | Killed a two-headed ogre
  7792 | D:10     | Reached skill level 15 in Unarmed Combat
  7792 | D:10     | Reached XP level 11. HP: 109/109 MP: 10/10
  8035 | D:8      | Bought a +6 ring of dexterity for 576 gold pieces
  8367 | D:10     | Reached ***** piety under Makhleb
  8425 | D:10     | Reached skill level 16 in Unarmed Combat
  8434 | D:10     | Found a staircase to the Lair.
  8463 | D:10     | Found Feabaiha's Weapon Boutique.
  8481 | D:10     | Noticed Snorg
  8496 | D:10     | Slain by Snorg

Illustrated notes

Levels and vault maps discovered:
D:1:      lightli_arrival_noodles, layout_rooms, ebering_ecumenical_altar_ruins,
          serial_shops, nicolae_shop_stone, serial_forest,
          infiniplex_forest_lined_3, infiniplex_forest_end_3,
          infiniplex_forest_clump_small, infiniplex_forest_lined_room_2,
          infiniplex_forest_zigzag_1
D:2:      minmay_evil_eye, layout_basic, basic_altar
D:3:      layout_rooms, kennysheep_generic_room_4
D:4:      black_bear_nest_1, layout_gridville, nicolae_dithmenos_the_darkroom,
          minmay_misc_feat_chi, nicolae_shop_vocational, uniq_natasha,
          uniq_ijyb, uniq_duvessa
D:5:      cheibrodos_two_vegetables, layout_cave_pools, uniq_grinder
D:6:      layout_basic, minitemple, uniq_sigmund
D:7:      layout_basic, lemuel_coloured_pillars_altar, minmay_temple_entry_mist,
          serial_aquarium, aquarium_bridge_square [aquarium_subvault_bridge,
          aquarium_subvault_wall, aquarium_subvault_window,
          aquarium_subvault_bridge], aquarium_bridge_square
          [aquarium_subvault_wall, aquarium_subvault_wall,
          aquarium_subvault_bridge, aquarium_subvault_window],
          aquarium_window_1, aquarium_window_fake, aquarium_window_2,
          aquarium_window_fake, aquarium_view_2c, aquarium_view_2c
D:8:      layout_basic, grunt_qazlal_clouds, serial_shops,
          nicolae_stop_n_shop_2, uniq_maurice
D:9:      layout_grid_maze, fedhas_altar_2, enter_bailey_3
D:10:     layout_small_grid, gammafunk_temple_overflow_forgotten,
          erik_lair_orcish_takeover, zombieorc2_lemuel, serial_shops, shop,
          uniq_snorg
Temple:   nicolae_temple_bog_church

Skill      XL: |  1  2  3  4  5  6  7  8  9 10 11 |
---------------+----------------------------------+-----
Unarmed Combat | 4 6 8 10 12 13 15 16 | 16.0
Fighting       | 6 7 |  7.0
Dodging        | |  2.4
Stealth        | |  1.0

Action                   |  1- 3 |  4- 6 |  7- 9 | 10-12 || total
-------------------------+-------+-------+-------+-------++-------
Melee: Unarmed           |    61 |    27 |   128 |   239 ||   455
       Punch             |     2 |     1 |     4 |       ||     7
 Fire: Sling             |    48 |    43 |    75 |    55 ||   221
Evoke: Wand              |       |     3 |    13 |    10 ||    26
  Use: Potion            |       |     1 |     1 |       ||     2
       Scroll            |       |       |       |     5 ||     5
 Stab: Sleeping          |       |       |     1 |     1 ||     2
       Invisible         |       |       |       |     3 ||     3
       Distracted        |       |       |       |     1 ||     1
Armor: Robe              |    25 |     6 |    17 |       ||    48
       Steam dragon scal |       |       |    12 |    48 ||    60
       Skin              |       |       |       |    16 ||    16
       Acid dragon scale |       |       |       |    44 ||    44
Dodge: Dodged            |    34 |    20 |    74 |    87 ||   215

Table legend: (Time is in decaauts)
 A = Elapsed time spent in this place.
 B = Non-inter-level travel time spent in this place.
 C = Inter-level travel time spent in this place.
 D = Time resting spent in this place.
 E = Time spent auto-exploring this place.
 F = Levels seen in this place.
 G = Mean time per level.
                   A        B        C        D        E       F      G
               +--------+--------+--------+--------+--------+-----+--------+
         Total |   8706 |   7929 |    777 |    938 |   5175 |  12 |  725.5 |
       Dungeon |   8108 |   7360 |    748 |    831 |   4903 |  10 |  810.8 |
        Temple |     49 |     20 |     29 |      0 |     15 |   1 |   49.0 |
        Bailey |    547 |    547 |      0 |    106 |    256 |   1 |  547.0 |
               +--------+--------+--------+--------+--------+-----+--------+

Top non-repeatable levels by time:
     D:9: 1253 daAuts
     D:5: 1216 daAuts
     D:4: 1028 daAuts
     D:2: 819 daAuts
     D:7: 761 daAuts
     D:6: 761 daAuts
    D:10: 710 daAuts
     D:8: 655 daAuts
  Bailey: 547 daAuts
     D:1: 462 daAuts
     D:3: 439 daAuts
  Temple: 49 daAuts
